 Dungeon Crawl Stone Soup version 0.31-a0-216-g22e908daa7 (webtiles) character file.

Game seed: 3245461997729546641

327 qw the Chopper (level 6, -5/38 HPs)
             Began as a Gargoyle Fighter on July 1, 2023.
             Slain by an ogre
             ... wielding a +0 giant club
              (20 damage)
             ... on level 4 of the Dungeon.
             The game lasted 00:01:35 (3063 turns).

qw the Chopper (Gargoyle Fighter)                   Turns: 3063, Time: 00:01:36

Health: -5/38      AC: 13    Str: 22    XL:     6   Next: 50%
Magic:  6/6        EV:  8    Int:  8    God:
Gold:   183        SH:  4    Dex:  9    Spells: 5/5 levels left

rFire   . . .        Y - +0 war axe
rCold   . . .        c - +0 buckler
rNeg    + . .        k - +0 chain mail
rPois   inf          (no helmet)
rElec   +            (no cloak)
rCorr   .            (no gloves)
SInv    .            (no boots)
Will    .....        (no amulet) Stlth
                     (no ring)
HPRegen 0.26/turn    (no ring)
MPRegen 0.10/turn

%: no passive effects
@: no status effects
A: sickness immunity, AC +4, negative energy resistance 1, electricity
resistance, torment resistance 1, petrification resistance
a: no special abilities


You were on level 4 of the Dungeon.
You visited 1 branch of the dungeon, and saw 4 of its levels.

You collected 183 gold pieces.


Innate Abilities, Weirdness & Mutations

You are immune to sickness and miasma.
Your stone body is resilient. (AC +4)
You are immune to poison.
You resist negative energy. (rN+)
You are resistant to electric shocks. (rElec)
You are resistant to unholy torment.
You are immune to petrification.


   Skills:
 - Level 4.2 Fighting
 + Level 5.6 Axes
 - Level 3.2 Armour
 - Level 3.2 Shields


You had 5 spell levels left.
You didn't know any spells.
Your spell library was empty.

Inventory:

Hand Weapons
 b - the +1 flail "Meesamp" {freeze, *Noise rF+++ rCorr Stlth+}
   (You found it on level 2 of the Dungeon)

   rF:        It renders you almost immune to fire.
   *Noise:    It may make noises in combat.
   rCorr:     It protects you from acid and corrosion.
   Stlth:     It makes you more stealthy.
 Y - a +0 war axe (weapon)
Armour
 c - a +0 buckler (worn)
 k - a +0 chain mail (worn)
 l - a +0 pair of boots
Scrolls
 h - a scroll of identify
Potions
 d - 3 potions of might
 e - a potion of invisibility {unknown}
 f - a potion of enlightenment {unknown}
 g - a potion of curing {unknown}
 i - a potion of mutation {unknown}

Dungeon Overview and Level Annotations

Branches:
Dungeon (4/15)
 Temple: D:4-7

Altars:
Trog
Uskayaw


Message History

You closely miss the kobold brigand.
The kobold brigand is severely wounded.
The kobold brigand hits you with a +0 club!
The kobold brigand hits you with a +0 club.
You hit the kobold brigand but do no damage.
The kobold brigand is heavily wounded.
The kobold brigand hits you with a +0 club!
You slash the kobold brigand!
You kill the kobold brigand!
An ogre comes into view. It is wielding a +0 giant club.
You feel your intelligence returning.
2943 ||| FLEEEEING.
2944 ||| FLEEEEING.
2945 ||| FLEEEEING.
2946 ||| FLEEEEING.
There is a stone staircase leading up here.
2947 ||| STAIRDANCE You climb upwards.
There is a stone staircase leading down here.
Things that are here:
a +0 animal skin; a +0 hand axe; an orc skeleton You start resting.
HP restored.
Done exploring.
(D) Dungeon
Where to? (* - list waypoints, Enter - D:4, ? - help)
What level of the Dungeon? (default 1, ? - help)
You climb downwards.
There is a stone staircase leading up here.
The ogre shouts!
A phantom comes into view.
You hit the ogre.
The ogre is lightly wounded.
The ogre hits you with a +0 giant club!!
Ouch! That really hurt!
You slash the ogre!
The ogre is heavily wounded.
The ogre hits you with a +0 giant club!!
Ouch! That really hurt!
You die...

##..# #### # ....#
###..### #....
....####......####.#.....
.............<.#.#........
##......#####%............
###...## #..#.#........
##### ##<........... ###
##....W..#.#.
###.########.@O........
###...............(..#.
##...................##
...######..####.#.#..#
.### #### ###.##..... ##
#...# ....... # ##.##
##....# # ### ..... ..
....


You could see an ogre and a phantom.

Vanquished Creatures
  A kobold brigand (D:4)
  An orc priest (D:3)
  A jelly (D:3)
  An orc wizard (D:3)
  4 gnolls (D:2)
  6 adders
  2 worms
  2 dart slugs
  4 orcs (D:3)
  5 ball pythons
  5 bats
  6 endoplasms
  4 goblins
  12 hobgoblins
  3 quokkas (D:3)
  5 frilled lizards
  6 kobolds
  3 rats
71 creatures vanquished.

Notes
Turn   | Place    | Note
-------+----------+-------------------------------------------
     0 | D:1      | qw the Gargoyle Fighter began the quest for the Orb.
     0 | D:1      | Reached XP level 1. HP: 14/14 MP: 1/1
     0 | D:1      | 0 ||| qw: Version: 0.3-a-35-g05ef00e
     0 | D:1      | 0 ||| qw: Game counter: 7714
     0 | D:1      | 0 ||| qw: Melee chars always use a shield: true
     0 | D:1      | 0 ||| qw: God list: Okawaru
     0 | D:1      | 0 ||| qw: Allow faded altars: false
     0 | D:1      | 0 ||| qw: Do Orc after clearing Dungeon:15 true
     0 | D:1      | 0 ||| qw: Do second Lair branch before Depths: true
     0 | D:1      | 0 ||| qw: Lair rune preference: random
     0 | D:1      | 0 ||| qw: Goals: Normal, Zot:1-4, Slime:5, God:TSO, Crypt,
                  | Tomb, Abyss, Pan, Hells, Win
     0 | D:1      | 0 ||| PLANNING D:1-11
    44 | D:1      | 44 ||| Stepping ~*~*~tactically~*~*~ (stealth).
    50 | D:1      | 50 ||| Stepping ~*~*~tactically~*~*~ (stealth).
    51 | D:1      | 51 ||| Stepping ~*~*~tactically~*~*~ (stealth).
    52 | D:1      | 52 ||| Stepping ~*~*~tactically~*~*~ (stealth).
    56 | D:1      | Reached skill level 2 in Axes
   145 | D:1      | Reached XP level 2. HP: 19/19 MP: 2/2
   231 | D:1      | 231 ||| Stepping ~*~*~tactically~*~*~ (hiding).
   393 | D:1      | 393 ||| Stepping ~*~*~tactically~*~*~ (stealth).
   899 | D:1      | 899 ||| UPGRADING to +0 chain mail.
   909 | D:1      | 909 ||| DROPPING +0 scale mail.
   910 | D:1      | 910 ||| READING scroll labelled TEITAM UGIU.
  1103 | D:2      | Reached skill level 3 in Axes
  1176 | D:2      | Reached XP level 3. HP: 23/23 MP: 3/3
  1178 | D:2      | 1178 ||| Stepping ~*~*~tactically~*~*~ (stealth).
  1179 | D:2      | 1179 ||| Stepping ~*~*~tactically~*~*~ (stealth).
  1180 | D:2      | 1180 ||| Stepping ~*~*~tactically~*~*~ (stealth).
  1182 | D:2      | 1182 ||| Stepping ~*~*~tactically~*~*~ (stealth).
  1183 | D:2      | 1183 ||| Stepping ~*~*~tactically~*~*~ (stealth).
  1185 | D:2      | 1185 ||| Stepping ~*~*~tactically~*~*~ (stealth).
  1194 | D:2      | 1194 ||| FLEEEEING.
  1195 | D:2      | 1195 ||| FLEEEEING.
  1196 | D:2      | 1196 ||| FLEEEEING.
  1197 | D:2      | 1197 ||| FLEEEEING.
  1198 | D:2      | 1198 ||| FLEEEEING.
  1199 | D:2      | 1199 ||| FLEEEEING.
  1200 | D:2      | 1200 ||| FLEEEEING.
  1201 | D:2      | 1201 ||| FLEEEEING.
  1202 | D:2      | 1202 ||| FLEEEEING.
  1204 | D:2      | 1204 ||| FLEEEEING.
  1205 | D:2      | 1205 ||| FLEEEEING.
  1206 | D:2      | 1206 ||| FLEEEEING.
  1207 | D:2      | 1207 ||| FLEEEEING.
  1208 | D:2      | 1208 ||| FLEEEEING.
  1209 | D:2      | 1209 ||| FLEEEEING.
  1210 | D:2      | 1210 ||| FLEEEEING.
  1211 | D:2      | 1211 ||| FLEEEEING.
  1212 | D:2      | 1212 ||| FLEEEEING.
  1213 | D:2      | 1213 ||| FLEEEEING.
  1214 | D:2      | 1214 ||| FLEEEEING.
  1215 | D:2      | 1215 ||| FLEEEEING.
  1216 | D:2      | 1216 ||| FLEEEEING.
  1217 | D:2      | 1217 ||| FLEEEEING.
  1219 | D:2      | 1219 ||| FLEEEEING.
  1220 | D:2      | 1220 ||| FLEEEEING.
  1221 | D:2      | 1221 ||| FLEEEEING.
  1222 | D:2      | 1222 ||| FLEEEEING.
  1223 | D:2      | 1223 ||| FLEEEEING.
  1224 | D:2      | 1224 ||| FLEEEEING.
  1251 | D:2      | 1251 ||| DROPPING +0 whip.
  1328 | D:2      | Reached XP level 4. HP: 28/28 MP: 4/4
  1364 | D:2      | Reached skill level 4 in Axes
  1386 | D:2      | 1386 ||| Stepping ~*~*~tactically~*~*~ (stealth).
  1522 | D:2      | Identified the +1 flail "Meesamp" {freeze, *Noise rF+++
                  | rCorr Stlth+}
  1524 | D:2      | 1524 ||| DROPPING +0 flail.
  1584 | D:2      | 1584 ||| Stepping ~*~*~tactically~*~*~ (hiding).
  1585 | D:2      | 1585 ||| Stepping ~*~*~tactically~*~*~ (hiding).
  1752 | D:2      | 1752 ||| Stepping ~*~*~tactically~*~*~ (stealth).
  1754 | D:2      | 1754 ||| Stepping ~*~*~tactically~*~*~ (stealth).
  1904 | D:2      | 1904 ||| Stepping ~*~*~tactically~*~*~ (stealth).
  2053 | D:2      | 2053 ||| DRINKING 2 bubbling blue potions.
  2054 | D:2      | 2054 ||| DROPPING potion of degeneration.
  2082 | D:3      | Reached XP level 5. HP: 32/32 MP: 5/5
  2088 | D:3      | 2088 ||| STAIRDANCE
  2214 | D:3      | Reached skill level 5 in Axes
  2289 | D:3      | 2289 ||| Stepping ~*~*~tactically~*~*~ (hiding).
  2292 | D:3      | 2292 ||| Stepping ~*~*~tactically~*~*~ (hiding).
  2510 | D:3      | Found a bloodstained altar of Trog.
  2518 | D:3      | Reached XP level 6. HP: 33/38 MP: 6/6
  2821 | D:3      | 2821 ||| READING 2 scrolls labelled OLERUO JUWOXKE.
  2822 | D:3      | 2822 ||| READING scroll labelled PAUHIA QEBRUY.
  2826 | D:3      | 2826 ||| DRINKING 2 coppery potions.
  2827 | D:3      | 2827 ||| DROPPING potion of brilliance.
  2899 | D:4      | Found a hide-covered altar of Uskayaw.
  2941 | D:4      | HP: 9/38 [kobold brigand/+0 club (7)]
  2943 | D:4      | 2943 ||| FLEEEEING.
  2944 | D:4      | 2944 ||| FLEEEEING.
  2945 | D:4      | 2945 ||| FLEEEEING.
  2946 | D:4      | 2946 ||| FLEEEEING.
  2947 | D:4      | 2947 ||| STAIRDANCE
  3063 | D:4      | Slain by an ogre

Levels and vault maps discovered:
D:1:      nicolae_arrival_memento_mori, layout_basic
D:2:      layout_basic, fountainhead
D:3:      layout_basic, trog_butcher_becter
D:4:      layout_layer_cave, dancing_weapons_uskayaw,
          mainiacjoe_overflow_alcove_1

Skill      XL: |  1  2  3  4  5 |
---------------+----------------+-----
Axes           | 2 3 4 5 |  5.6
Fighting       | 4 |  4.2
Armour         | |  3.2
Shields        | |  3.2

Action                     |  1- 3 |  4- 6 || total
---------------------------+-------+-------++-------
  Melee: War axe           |    80 |   174 ||   254
    Use: Scroll            |     1 |     2 ||     3
         Potion            |       |     2 ||     2
 Armour: Scale mail        |    13 |       ||    13
         Chain mail        |    34 |    96 ||   130
  Dodge: Dodged            |    30 |    44 ||    74
  Block: Buckler           |    21 |    26 ||    47

Table legend:
 A = Non-vault XP
 B = Vault XP
 C = Vault XP percentage of total XP
 D = Non-vault monster count
 E = Vault monster count
 F = Vault count percentage of total count
                 A         B        C        D         E       F
            +---------+---------+-------+---------+---------+-------
      Total |     460 |       8 |   1.7 |      67 |       4 |   5.6
            +---------+---------+-------+---------+---------+-------
        D:1 |      28 |       0 |   0.0 |      16 |       0 |   0.0
        D:2 |     141 |       0 |   0.0 |      28 |       0 |   0.0
        D:3 |     174 |       8 |   4.4 |      17 |       4 |  19.0
        D:4 |     117 |       0 |   0.0 |       6 |       0 |   0.0
            +---------+---------+-------+---------+---------+-------
